 Dungeon Crawl Stone Soup version 0.29-a0-459-g97dee8cd24 (webtiles) character file.

Game seed: 16580885731920321391

270 hquester the Ruffian (level 6, 0/62 HPs)
             Began as a Troll Berserker on May 21, 2022.
             Was a Believer of Trog.
             Succumbed to a scorpion's poison
             ... on level 4 of the Dungeon.
             The game lasted 00:11:03 (1847 turns).

hquester the Ruffian (Troll Berserker)              Turns: 1847, Time: 00:11:04

Health: 0/62       AC:  4    Str: 26    XL:     6   Next: 1%
Magic:  5/5        EV: 10    Int:  3    God:    Trog [**....]
Gold:   235        SH:  0    Dex: 11    Spells: 5/5 levels left

rFire   . . .      SeeInvis .   d - +8 morningstar
rCold   . . .      Faith    .   (no shield)
rNeg    . . .      Spirit   .   a - +0 animal skin
rPois   .          Reflect  .   (helmet restricted)
rElec   .          Harm     .   (no cloak)
rCorr   .          Rampage  .   (gloves unavailable)
Will    .....                   (boots unavailable)
Stlth   +.........              (no amulet)
HPRegen 1.00/turn               (no ring)
MPRegen 0.09/turn               (no ring)

@: lethally poisoned (0 -> -9), invisible
A: large, unfitting armour, claws 3, regeneration 1, shaggy fur 1, tough skin 1
a: Renounce Religion, Berserk, Trog's Hand


You were on level 4 of the Dungeon.
You worshipped Trog.
Trog was pleased with you.
You visited 1 branch of the dungeon, and saw 5 of its levels.

You collected 235 gold pieces.

Inventory:

Hand Weapons
 d - a +8 morningstar (weapon)
Armour
 a - a +0 animal skin (worn)
Jewellery
 n - a ring of magical power
Wands
 g - a wand of flame (37)
 i - a wand of iceblast (12)
Potions
 b - 3 potions of mutation
 e - 2 potions of heal wounds
 f - a potion of invisibility
 h - a potion of brilliance {unknown}
 k - a potion of ambrosia {unknown}
 l - a potion of haste {unknown}
 m - a potion of curing {unknown}


   Skills:
 * Level 3.6 Fighting
 + Level 1.5 Maces & Flails
 + Level 1.2 Throwing
 + Level 1.6 Armour
 + Level 3.1 Dodging
 + Level 3.8 Unarmed Combat


You had 5 spell levels left.
You didn't know any spells.
Your spell library was empty.

Dungeon Overview and Level Annotations

Branches:
Dungeon (5/15)             Temple (0/1) D:4

Altars:


Innate Abilities, Weirdness & Mutations

You are too large for most types of armour.
You have claws for hands.
Your natural rate of healing is unusually fast.
You are covered in fur. (AC +1)
You have tough skin. (AC +1)


Message History

You feel very sick. The water moccasin closely misses you.
The water moccasin bites you.
You are more poisoned.
The water moccasin poisons you!
You impale the water moccasin!!
The water moccasin is severely wounded.
You feel extremely sick. The water moccasin bites you.
You are more poisoned.
The water moccasin poisons you! The water moccasin barely misses you.
You feel extremely sick.
There is a stone staircase leading up here.
You feel much better.
You feel very sick.
The water moccasin bites you but does no damage.
The water moccasin bites you.
You are more poisoned.
The water moccasin poisons you!
You fade into invisibility!
You feel extremely sick. The scorpion closely misses you.
The water moccasin closely misses you.
You can't go down here!
You feel extremely sick. The scorpion stings you.
You are lethally poisoned!
The scorpion poisons you! The water moccasin closely misses you.
The hound bites you but does no damage. The scorpion closely misses you.
The water moccasin closely misses you.
You climb upwards.
* * * LOW HITPOINT WARNING * * *
You feel extremely sick.
There is a stone staircase leading down here.
The hound attacks as you move away! The hound barely misses you.
* * * LOW HITPOINT WARNING * * *
You feel very sick. The hound closely misses you.
* * * LOW HITPOINT WARNING * * *
You feel very sick. The hound attacks as you move away!
The hound bites you but does no damage.
You die...

######.# ###....###.#......
#.# #........#.##.###. #.#
#....)...#..#..... #.#
#........##.###.). #.#
#........##..##... #.#
##...s....###.##...
#.###...h.....##.......
#.##....S..............
#.##..@......####......
####.....######.##.....÷..
#.....#.######.....###....
##.§§§.#.......>..:........
#..§§§.#.#######...###.##..
#...§..#.## ##### #.....
#.........################.
#.......#..................
##########################.


You could see a water moccasin (can't see you), a scorpion (can't see you) and a
hound.

Vanquished Creatures
  A black bear (D:4)
  A scorpion (D:4)
  A howler monkey (D:4)
  3 adders
  3 dart slugs
  3 orcs
  A bat (D:2)
  6 endoplasms
  2 giant cockroaches
  6 hobgoblins
  4 quokkas
  7 ball pythons
  2 frilled lizards (D:1)
  A goblin (D:4)
  2 kobolds
  5 rats
  A spectral hobgoblin (D:1)
49 creatures vanquished.

Notes
Turn   | Place    | Note
-------+----------+-------------------------------------------
     0 | D:1      | hquester the Troll Berserker began the quest for the Orb.
     0 | D:1      | Reached XP level 1. HP: 22/22 MP: 0/0
    70 | D:1      | Reached XP level 2. HP: 25/29 MP: 1/1
   137 | D:1      | Found a faded altar of an unknown god.
   149 | D:1      | You fall into a shaft and drop 1 floor!
   544 | D:2      | Reached ** piety under Trog
   545 | D:2      | Reached XP level 3. HP: 36/36 MP: 2/2
  1350 | D:4      | Noticed a scorpion
  1355 | D:4      | Killed a scorpion
  1356 | D:4      | Reached skill level 1 in Maces & Flails
  1356 | D:4      | Reached skill level 1 in Armour
  1356 | D:4      | Reached XP level 4. HP: 45/45 MP: 3/3
  1370 | D:4      | Noticed a black bear
  1376 | D:4      | Killed a black bear
  1377 | D:4      | Reached skill level 1 in Throwing
  1377 | D:4      | Reached XP level 5. HP: 51/53 MP: 4/4
  1396 | D:4      | Found a staircase to the Ecumenical Temple.
  1501 | D:4      | Reached XP level 6. HP: 57/62 MP: 5/5
  1822 | D:5      | Entered Level 5 of the Dungeon
  1831 | D:5      | Noticed a water moccasin
  1846 | D:4      | HP: 3/62 [poisoned by a scorpion]
  1847 | D:4      | Succumbed to a scorpion's poison

Illustrated notes

Levels and vault maps discovered:
D:1:      dpeg_arrival_pond, layout_basic,
          dreamdust_ecumenical_altar_drowned_temple
D:2:      layout_rooms, serial_forest, infiniplex_forest_fountain,
          infiniplex_forest_clump_double, infiniplex_forest_clump_long,
          infiniplex_forest_lined_room_2, infiniplex_forest_straight_3,
          infiniplex_forest_corner_2
D:3:      layout_basic, chequers_serial_rivers_room_b
D:4:      layout_rooms, minmay_temple_entry_purple_smoke
D:5:      layout_basic, serial_shops, nicolae_shop_bloodbath_and_beyond,
          nicolae_figureground_sparkle, uniq_edmund

Skill      XL: |  1  2  3  4 |
---------------+-------------+-----
Fighting       | 3 |  3.6
Maces & Flails | 1 |  1.5
Armour         | 1 |  1.6
Throwing       | 1 |  1.2
Dodging        | 3 |  3.1
Unarmed Combat | |  3.8

Action                   |  1- 3 |  4- 6 || total
-------------------------+-------+-------++-------
Melee: Unarmed           |    83 |    37 ||   120
       Punch             |     2 |       ||     2
       Morningstar       |       |     5 ||     5
Invok: Berserk           |     1 |       ||     1
  Use: Scroll            |     5 |     5 ||    10
       Potion            |       |     2 ||     2
Armor: Animal skin       |    22 |    18 ||    40
Dodge: Dodged            |    34 |    37 ||    71

Table legend: (Time is in decaauts)
 A = Elapsed time spent in this place.
 B = Non-inter-level travel time spent in this place.
 C = Inter-level travel time spent in this place.
 D = Time resting spent in this place.
 E = Time spent auto-exploring this place.
 F = Levels seen in this place.
 G = Mean time per level.
                   A        B        C        D        E       F      G
               +--------+--------+--------+--------+--------+-----+--------+
         Total |   1854 |   1787 |     67 |      0 |   1316 |   5 |  370.8 |
       Dungeon |   1854 |   1787 |     67 |      0 |   1316 |   5 |  370.8 |
               +--------+--------+--------+--------+--------+-----+--------+

Top non-repeatable levels by time:
     D:3: 664 daAuts
     D:2: 534 daAuts
     D:4: 482 daAuts
     D:1: 149 daAuts
     D:5: 23 daAuts
